 Dungeon Sprint DCSS version 0.31-a0-95-g6fa058ef04 (webtiles) character file.

Game seed: 10910982357732006457

18351 rocky1 the Executioner (level 12, -2/122 HPs)
             Began as a Minotaur Gladiator on May 25, 2023.
             Was the Champion of Okawaru.
             Constricted to death by a naga warrior (4 damage)
             ... in the Dungeon (Sprint VII: "The Pits").
             The game lasted 00:09:58 (3322 turns).

rocky1 the Executioner (Minotaur Gladiator)         Turns: 3322, Time: 00:10:00

Health: -2/122     AC: 17    Str: 29    XL:     12   Next: 26%
Magic:  1/18       EV: 12    Int:  7    God:    Okawaru [******]
Gold:   107        SH:  0    Dex: 12    Spells: 11/11 levels left

rFire   + . .        A - +4 battleaxe of Zocumpysch {flame, Str+4}
rCold   . . .        (shield currently unavailable)
rNeg    . . .        y - +0 chain mail {rF+}
rPois   +            c - +0 hat
rElec   .            (no cloak)
rCorr   .            H - +0 pair of gloves
SInv    .            v - +0 pair of boots
Will    .....        (no amulet) Stlth
                     q - +3 ring of strength
HPRegen 0.40/turn    F - ring of poison resistance
MPRegen 0.16/turn

%: no teleportation
@: lethally poisoned (-2 -> -5), constricted
A: horns 2, retaliatory headbutt
a: Renounce Religion, Heroism, Finesse


You were in the Dungeon.
You worshipped Okawaru.
Okawaru was exalted by your worship.
You visited 1 branch You collected 107 gold pieces.

Inventory:

Hand Weapons
 x - a +1 broad axe of electrocution
 A - the +4 battleaxe of Zocumpysch (weapon) {flame, Str+4}
   (Okawaru gifted it to you in the Dungeon)

   Str:       It affects your strength (+4).
Missiles
 a - 3 atropa-tipped darts
 b - 6 silver javelins (quivered)
 d - 3 throwing nets
 e - 2 javelins
 p - a datura-tipped dart
 z - 5 boomerangs
Armour
 c - a +0 hat (worn)
 v - a +0 pair of boots (worn)
 y - a +0 chain mail of fire resistance (worn)
 H - a +0 pair of gloves (worn)
Jewellery
 q - a +3 ring of strength (left hand)
 F - a ring of poison resistance (right hand)
Scrolls
 k - a scroll of blinking
 m - 5 scrolls of amnesia
 B - 2 scrolls of enchant weapon
 C - 4 scrolls of enchant armour
 D - 3 scrolls of identify
 E - a scroll of fog
Potions
 f - 8 potions of curing
 g - 8 potions of heal wounds
 h - 3 potions of haste
 i - 4 potions of magic
 j - 2 potions of berserk rage
 s - 3 potions of brilliance
 t - 3 potions of might
 u - a potion of mutation


   Skills:
 + Level 15.9 Fighting
 * Level 21.7 Axes
 + Level 10.4 Throwing
 + Level 15.4 Armour
 + Level 14.5 Dodging
 - Level 9.4 Invocations


You had 11 spell levels left.
You didn't know any spells.
Your spell library contained the following spells:

 Spells                   Type           Power      Damage    Failure   Level
 Hailstorm                Conj/Ice       0%         3d3       98%         3
 Ice Form                 Ice/Tmut       0%         N/A       100%        4
 Simulacrum               Ice/Necr       Unusable   N/A       N/A         6

Dungeon Overview and Level Annotations

Branches:
Dungeon (1/1)

Altars:
Ashenzari
Cheibriados
Dithmenos
Elyvilon
Fedhas
Gozag
Hepliaklqana
Kikubaaqudgha
Makhleb
Nemelex Xobeh
Okawaru
Qazlal
Ru
Sif Muna
Trog
Uskayaw
Vehumet
Wu Jian
Xom
Yredelemnul
Zin
The Shining One
Jiyva
Lugonu


Innate Abilities, Weirdness & Mutations

You have a pair of horns on your head.
You reflexively headbutt those who attack you in melee.


Message History

The splash of poison misses you. The naga warrior constricts you.
The naga hits you with a +0 long sword!!
The naga warrior blocks your attack.
The naga warrior is moderately wounded.
You slash the naga! You burn the naga!
You kill the naga!
Okawaru accepts your kill. The naga warrior closely misses you.
The naga warrior constricts you.
You closely miss the naga warrior.
The naga warrior is moderately wounded.
You feel sick.
You are no longer poisoned.
The naga warrior blocks your attack.
Your headbutt misses the naga warrior.
The naga warrior is moderately wounded.
The naga warrior hits you with a +0 trident.
The naga warrior constricts you. The naga warrior blocks your attack.
The naga warrior is moderately wounded.
The naga warrior spits poison at you.
The splash of poison hits you but does no damage.
You are poisoned.
You resist. The naga warrior constricts you.
You hit the naga warrior but do no damage.
The naga warrior is lightly wounded.
You feel sick.
You hit the naga warrior. You burn the naga warrior.
The naga warrior is moderately wounded.
You feel sick.
The naga warrior hits you with a +0 trident!
* * * LOW HITPOINT WARNING * * *
The naga warrior constricts you.
* * * LOW HITPOINT WARNING * * *
You slash the naga warrior! You burn the naga warrior.
You headbutt the naga warrior!
The naga warrior is severely wounded.
You feel sick.
The naga warrior hits you with a +0 trident!!
* * * LOW HITPOINT WARNING * * *
The naga warrior constricts you.
You die...

#################+#
..÷....)....(.....#
.÷÷...............#
++##############()#
#@)# #N)# #..# #..#
#..# #..# #..# #..#


You could see a naga warrior.

Vanquished Creatures
  Saint Roka (D)
  A ghost moth (D)
  A vampire knight (D)
  A minotaur (D)
  A merfolk javelineer (D)
  4 death yaks (D)
  A two-headed ogre (D)
  Sonja (D)
  An orc knight (D)
  2 deep elf pyromancers (D)
  A cyclops (D)
  Joseph (D)
  A black mamba (D)
  An elephant (D)
  3 kobold demonologists (D)
  A red devil (D)
  An ice devil (D)
  A polar bear (D)
  A troll (D)
  2 merfolk (D)
  A tyrant leech (D)
  3 blink frogs (D)
  A snapping turtle (D)
  6 dream sheep (D)
  A flying skull (D)
  A fire bat (D)
  Eustachio (D)
  2 shadows (D)
  3 yaks (D)
  A steam dragon (D)
  2 redbacks (D)
  3 wargs (D)
  An acid dragon (D)
  4 nagas (D)
  3 swamp drakes (D)
  A floating eye (D)
  2 orc warriors (D)
  A black bear (D)
  An ice beast (D)
  A centaur (D)
  2 kobold brigands (D)
  An earth elemental (D)
  A crimson imp (D)
  A hound (D)
  2 quasits (D)
  4 small abominations (D)
  2 orc priests (D)
  An iguana (D)
  5 orc wizards (D)
  A gnoll (D)
  A river rat (D)
  An ufetubus (D)
  2 worms (D)
  11 orcs (D)
  3 hobgoblins (D)
  A kobold (D)
  A quokka (D)
  A ball python (D)
  2 frilled lizards (D)
  A giant cockroach zombie (D)
  A rat (D)
111 creatures vanquished.

Vanquished Creatures (others)
  2 orcs (D)
2 creatures vanquished.

Grand Total: 113 creatures vanquished

Notes
Turn   | Place    | Note
-------+----------+-------------------------------------------
     0 | D        | rocky1 the Minotaur Gladiator began the quest for the Orb.
     0 | D        | Reached XP level 1. HP: 18/18 MP: 0/0
    17 | D        | Reached skill level 4 in Axes
    21 | D        | Found a bloodstained altar of Trog.
    21 | D        | Found a shimmering blue altar of Sif Muna.
    21 | D        | Found a viscous altar of Jiyva.
    21 | D        | Found a hazy altar of Hepliaklqana.
    21 | D        | Found an opulent altar of Gozag.
    22 | D        | Found a glowing golden altar of the Shining One.
    22 | D        | Found a glowing silver altar of Zin.
    22 | D        | Found a basalt altar of Yredelemnul.
    22 | D        | Found a shimmering altar of Xom.
    22 | D        | Found an ornate altar of the Wu Jian Council.
    22 | D        | Found a sacrificial altar of Ru.
    22 | D        | Found a stormy altar of Qazlal.
    22 | D        | Found an iron altar of Okawaru.
    22 | D        | Found a sparkling altar of Nemelex Xobeh.
    22 | D        | Found a burning altar of Makhleb.
    22 | D        | Found a blossoming altar of Fedhas.
    22 | D        | Found a white marble altar of Elyvilon.
    22 | D        | Found a shadowy altar of Dithmenos.
    22 | D        | Found a snail-covered altar of Cheibriados.
    25 | D        | Found a corrupted altar of Lugonu.
    25 | D        | Found a radiant altar of Vehumet.
    26 | D        | Found an ancient bone altar of Kikubaaqudgha.
    26 | D        | Found a hide-covered altar of Uskayaw.
    26 | D        | Found a broken altar of Ashenzari.
    32 | D        | Became a worshipper of Warmaster Okawaru
   198 | D        | Reached skill level 1 in Armour
   201 | D        | Noticed a fire bat
   206 | D        | Reached XP level 2. HP: 25/26 MP: 1/1
   209 | D        | Killed a fire bat
   210 | D        | Reached skill level 8 in Axes
   210 | D        | Reached skill level 5 in Armour
   210 | D        | Reached XP level 3. HP: 32/37 MP: 2/2
   210 | D        | Reached XP level 4. HP: 38/44 MP: 3/3
   210 | D        | Reached XP level 5. HP: 43/50 MP: 4/4
   446 | D        | Reached skill level 9 in Axes
   446 | D        | Reached skill level 1 in Invocations
   446 | D        | Noticed a floating eye
   453 | D        | Paralysed by a floating eye for 3 turns
   454 | D        | Killed a floating eye
   454 | D        | Reached * piety under Okawaru
   455 | D        | Reached skill level 10 in Axes
   455 | D        | Reached XP level 6. HP: 46/60 MP: 4/6
   644 | D        | Noticed a warg
   653 | D        | Killed a warg
   654 | D        | Reached skill level 11 in Axes
  1001 | D        | Noticed an ice devil
  1014 | D        | Killed an ice devil
  1014 | D        | Reached ** piety under Okawaru
  1015 | D        | Reached skill level 12 in Axes
  1015 | D        | Reached XP level 7. HP: 52/69 MP: 7/9
  1084 | D        | Reached skill level 5 in Invocations
  1085 | D        | Reached *** piety under Okawaru
  1292 | D        | Noticed a polar bear
  1308 | D        | Killed a polar bear
  1309 | D        | Reached skill level 13 in Axes
  1309 | D        | Reached XP level 8. HP: 72/78 MP: 8/11
  1434 | D        | Reached skill level 10 in Fighting
  1436 | D        | Reached skill level 14 in Axes
  1443 | D        | Noticed a dream sheep
  1443 | D        | Noticed a dream sheep
  1443 | D        | Noticed a dream sheep
  1444 | D        | Noticed a dream sheep
  1445 | D        | Noticed a dream sheep
  1450 | D        | Noticed a dream sheep
  1455 | D        | Killed a dream sheep
  1455 | D        | Reached **** piety under Okawaru
  1456 | D        | Reached skill level 10 in Armour
  1456 | D        | Killed a dream sheep
  1457 | D        | Reached XP level 9. HP: 64/86 MP: 11/13
  1459 | D        | Reached skill level 15 in Axes
  1459 | D        | Reached skill level 10 in Dodging
  1461 | D        | Received a gift from Okawaru
  1466 | D        | Noticed a minotaur
  1478 | D        | Killed a minotaur
  1478 | D        | Received a gift from Okawaru
  1479 | D        | Reached skill level 16 in Axes
  1588 | D        | Noticed Joseph
  1593 | D        | Reached XP level 10. HP: 72/97 MP: 15/15
  1594 | D        | Reached ***** piety under Okawaru
  1604 | D        | Killed Joseph
  1604 | D        | Received a gift from Okawaru
  1605 | D        | Reached skill level 5 in Throwing
  1696 | D        | Noticed a black mamba
  1703 | D        | Killed a black mamba
  1704 | D        | Reached skill level 17 in Axes
  1888 | D        | Noticed a cyclops
  1895 | D        | Killed a cyclops
  1939 | D        | Noticed a two-headed ogre
  1948 | D        | Killed a two-headed ogre
  2051 | D        | Noticed Saint Roka
  2051 | D        | Noticed a deep elf pyromancer
  2074 | D        | Killed Saint Roka
  2074 | D        | Received a gift from Okawaru
  2075 | D        | Reached skill level 18 in Axes
  2075 | D        | Reached XP level 11. HP: 47/107 MP: 11/17
  2081 | D        | Killed a deep elf pyromancer
  2133 | D        | Noticed a vampire knight
  2143 | D        | Killed a vampire knight
  2143 | D        | Received a gift from Okawaru
  2144 | D        | Reached skill level 19 in Axes
  2337 | D        | Noticed an orc knight
  2341 | D        | Killed an orc knight
  2342 | D        | Identified the +4 battleaxe of Zocumpysch {flame, Str+4}
                  | (Okawaru gifted it to you in the Dungeon)
  2342 | D        | Received a gift from Okawaru
  2581 | D        | Reached skill level 20 in Axes
  2618 | D        | Noticed a deep elf pyromancer
  2618 | D        | Noticed a merfolk javelineer
  2628 | D        | HP: 1/111 [merfolk javelineer/javelin (12)]
  2633 | D        | Killed a merfolk javelineer
  2633 | D        | Received a gift from Okawaru
  2634 | D        | Reached skill level 15 in Fighting
  2634 | D        | Killed a deep elf pyromancer
  3070 | D        | Noticed a death yak
  3070 | D        | Noticed a death yak
  3071 | D        | Noticed a death yak
  3071 | D        | Noticed a death yak
  3073 | D        | Noticed Sonja
  3079 | D        | Killed a death yak
  3080 | D        | Killed a death yak
  3082 | D        | Killed a death yak
  3083 | D        | Reached skill level 21 in Axes
  3083 | D        | Reached skill level 15 in Armour
  3083 | D        | Reached XP level 12. HP: 47/121 MP: 18/18
  3083 | D        | Killed a death yak
  3084 | D        | Reached skill level 10 in Throwing
  3097 | D        | Killed Sonja
  3306 | D        | Noticed Eustachio
  3306 | D        | Noticed a naga warrior
  3311 | D        | Killed Eustachio
  3313 | D        | Killed a ghost moth
  3313 | D        | Reached ****** piety under Okawaru
  3313 | D        | Received a gift from Okawaru
  3322 | D        | HP: 2/122 [naga warrior/+0 trident (26)]
  3322 | D        | Constricted to death by a naga warrior

Illustrated notes

Levels and vault maps discovered:
D:        pitsprint [storerooms_1, entrance_room_1, metal_vault_7, armoury_1,
          mini_pit_1, grid_room_1, main_hall_1, silver_pit, the_coven_2,
          the_vestibule_1, steel_vault_1, golden_pit, hallway_of_sentries,
          crystal_vault_2, iron_vault_2, final_vault]

Skill      XL: |  1  2  3  4  5  6  7  8  9 10 11 12 |
---------------+-------------------------------------+-----
Axes           | 4 8 10 12 13 14 16 18 21 | 21.7
Armour         | 1 5 6 8 9 10 11 13 15 | 15.4
Fighting       | 3 6 7 8 9 10 12 13 15 | 15.9
Dodging        | 4 6 7 8 9 11 12 14 | 14.5
Invocations    | 2 4 5 6 8 9 |  9.4
Throwing       | 4 7 9 10 | 10.4

Action                     |  1- 3 |  4- 6 |  7- 9 | 10-12 || total
---------------------------+-------+-------+-------+-------++-------
  Melee: Hand axe          |    12 |    37 |    26 |       ||    75
         War axe           |     1 |       |       |       ||     1
         Headbutt          |       |     6 |    10 |    32 ||    48
         Broad axe         |       |       |    41 |   101 ||   142
         Battleaxe         |       |       |       |    50 ||    50
         Punch             |       |       |       |     1 ||     1
  Throw: Javelin           |       |       |       |    13 ||    13
 Invoke: Heroism           |       |       |     2 |     2 ||     4
         Finesse           |       |       |       |     2 ||     2
    Use: Potion            |     2 |     2 |       |     6 ||    10
   Stab: Invisible         |       |       |       |     5 ||     5
 Armour: Leather armour    |     8 |       |       |       ||     8
         Chain mail        |       |    17 |    29 |    42 ||    88
  Dodge: Dodged            |    19 |    16 |    39 |    80 ||   154

Table legend: (Time is in decaauts)
 A = Elapsed time spent in this place.
 B = Non-inter-level travel time spent in this place.
 C = Inter-level travel time spent in this place.
 D = Time resting spent in this place.
 E = Time spent auto-exploring this place.
 F = Levels seen in this place.
 G = Mean time per level.
                   A        B        C        D        E       F      G
               +--------+--------+--------+--------+--------+-----+--------+
         Total |   3234 |   3140 |     94 |   2254 |      0 |   1 | 3234.0 |
       Dungeon |   3234 |   3140 |     94 |   2254 |      0 |   1 | 3234.0 |
               +--------+--------+--------+--------+--------+-----+--------+

Top non-repeatable levels by time:
       D: 3234 daAuts
